cohdb
Replays
Latest Replays
All Replays
Popular Replays
Top Player Replays
Match Explorer
How It Works
Community
CoH3 Stats
Reddit
Sign in to upload your games and track your stats! →
Sign in with Steam
Match 43331494
Unlisted
Match 43331494
Overview
Messages
Build Orders
End
Royal Engineer Section
Construct Section Command Post
Selects Indian Artillery Battlegroup
Infantry Section
Infantry Section
Infantry Section
Construct Field Infirmary
Construct Platoon Command Post
Selects Valour
Unlock M3 Stuart Light Tanks
M3 Stuart Light Tank
Selects Gurkha Rifles Section
Gurkha Rifles Section
Construct Company Command Post
Gurkha Rifles Section
Crusader II Medium Tank
adnapek
ConcernedApe
Comrade Peppers
♥Yomi★
0
0
Comments
sign in to comment!
No comments posted yet!